 Dungeon Crawl Stone Soup version 0.25-a0-523-g9afb2ee040 (webtiles) character file.

Game seed: 8858080653459571636, levelgen mode: classic

105475 EnegeticOcto the Pandemonic (level 15, 44/147 HPs)
             Began as a Deep Dwarf Fighter on Feb 18, 2020.
             Was a High Priest of Makhleb.
             Quit the game on level 4 of the Shoals.
             The game lasted 00:16:02 (13587 turns).

EnegeticOcto the Pandemonic (Deep Dwarf Fighter)   Turns: 13587, Time: 00:16:02

Health: 44/147     AC: 27    Str: 26    XL:     15   Next: 94%
Magic:  9/9        EV: 11    Int:  9    God:    Makhleb [*****.]
Gold:   641        SH: 16    Dex: 10    Spells: 14/14 levels left

rFire    + . .     SeeInvis .   a - +2 broad axe (vorpal)
rCold    + . .     Gourm    .   U - +3 kite shield {AC+3}
rNeg     + + .     Faith    .   d - +0 plate armour
rPois    .         Spirit   .   i - +0 helmet
rElec    .         Reflect  .   J - +0 cloak
rCorr    .         Harm     .   N - +1 pair of gloves {archery}
MR       +++..                  A - +0 pair of boots
Stlth    ..........             r - amulet of Brilliance {rC+ Regen+}
HPRegen  0.00/turn              f - ring of protection from magic
MPRegen  0.11/turn              X - ring "Baren" {rF+ rN+ AC+2}

@: mildly poisoned (44 -> 31), non-regenerating, studying Invocations
A: damage resistance, heal wounds, clumsy 1, mutation resistance 1, negative
energy resistance 1, sense surroundings 2, no regeneration
a: Heal Wounds, Minor Destruction, Lesser Servant of Makhleb, Major Destruction,
Greater Servant of Makhleb, Renounce Religion


You were on level 4 of the Shoals.
You worshipped Makhleb.
Makhleb was extremely pleased with you.
You were not hungry.

You visited 4 branches of the dungeon, and saw 26 of its levels.
You also visited: Ossuary and Volcano.

You collected 1560 gold pieces.
You spent 919 gold pieces at shops.

Inventory:

Hand Weapons
 a - a +2 vorpal broad axe (weapon)
 V - a +0 broad axe of flaming
Missiles
 C - 5 throwing nets (quivered)
Armour
 d - a +0 plate armour (worn)
 i - a +0 helmet (worn)
 A - a +0 pair of boots (worn)
 J - a +0 cloak (worn)
 N - a +1 pair of gloves of archery (worn)
 U - a +3 kite shield of protection (worn)
Jewellery
 f - a ring of protection from magic (left hand)
 r - the amulet of Brilliance (around neck) {rC+ Regen+}
   (You found it on level 2 of the Shoals)

   [amulet of regeneration]

   It protects you from cold.
   It increases your rate of regeneration.
 R - the cursed ring "Rudaobo" {rElec Int+6 Slay-2}
   (You bought it in a shop on level 2 of the Shoals)

   [ring of slaying]

   It affects your intelligence (+6).
   It affects your accuracy and damage with ranged weapons and melee attacks
   (-2).
   It insulates you from electricity.
   It has a curse placed upon it.
 X - the ring "Baren" (right hand) {rF+ rN+ AC+2}
   (You bought it in a shop on level 2 of the Shoals)

   [ring of protection]

   It affects your AC (+2).
   It protects you from fire.
   It protects you from negative energy.
Wands
 b - a wand of digging (9) {@V2}
 l - a wand of disintegration (13)
 t - a wand of flame (37)
 x - a wand of polymorph (24)
 D - a wand of enslavement (16)
 E - a wand of acid (11) {@V1}
 G - a wand of clouds (5)
 I - a wand of paralysis (21)
 M - a wand of iceblast (12)
 Q - a wand of scattershot (3)
Scrolls
 o - 2 scrolls of fog
 p - 13 scrolls of remove curse {@r6}
 q - 4 scrolls of teleportation {@r2}
 s - 2 scrolls of blinking {@r3}
 y - 5 scrolls of identify {@r1}
 F - 3 scrolls of immolation {@r4}
 H - a scroll of fear
Potions
 g - 8 potions of lignification {@q7}
 h - 2 potions of brilliance
 j - 7 potions of stabbing {@q5}
 k - 3 potions of might {@q3}
 m - 3 potions of resistance {@q6}
 n - 4 potions of haste {@q4}
 u - 7 potions of curing {@q1}
 v - 2 potions of ambrosia
 w - 2 potions of berserk rage
 z - 2 potions of cancellation
 B - a potion of flight
 K - 3 potions of heal wounds {@q2}
 L - 2 potions of magic
 P - a potion of invisibility
Books
 O - a manual of Invocations
Comestibles
 e - 24 rations


   Skills:
 * Level 13.0 Fighting
 * Level 15.0 Axes
 + Level 11.4 Armour
 - Level 10.0 Dodging
 * Level 12.8 Shields
 + Level 16.7 Invocations


You had 14 spell levels left.
You didn't know any spells.
Your spell library contained the following spells:

 Spells                   Type           Power        Failure   Level  Hunger
 Animate Skeleton         Necr           N/A          99%         1    ##.....
 Beastly Appendage        Tmut           #.....       99%         1    ##.....
 Foxfire                  Conj/Fire      #...         99%         1    ##.....
 Pain                     Necr           #...         99%         1    ##.....
 Shock                    Conj/Air       #...         99%         1    ##.....
 Shroud of Golubria       Chrm/Tloc      #.....       100%        2    ###....
 Slow                     Hex            #.......     100%        2    ###....
 Sticks to Snakes         Tmut           #.......     100%        2    ###....
 Swiftness                Chrm/Air       #.......     100%        2    ###....
 Gell's Gravitas          Tloc           #.........   100%        3    ####...
 Spider Form              Tmut/Pois      #.........   100%        3    ####...
 Static Discharge         Conj/Air       #.......     100%        3    ####...
 Summon Guardian Golem    Hex/Summ       #.......     100%        3    ####...
 Vampiric Draining        Necr           #.........   100%        3    ####...
 Airstrike                Air            #.........   100%        4    #####..
 Animate Dead             Necr           N/A          100%        4    #####..
 Cause Fear               Hex            #.........   100%        4    #####..
 Ice Form                 Ice/Tmut       #.......     100%        4    #####..
 Iskenderun's Mystic Bla  Conj/Tloc      #.......     100%        4    #####..
 Summon Lightning Spire   Summ/Air       #.......     100%        4    #####..
 Agony                    Necr           #.......     100%        5    ######.
 Blade Hands              Tmut           #.........   100%        5    ######.
 Lightning Bolt           Conj/Air       #.........   100%        5    ######.
 Silence                  Hex/Air        #.........   100%        5    ######.
 Yara's Violent Unravell  Hex/Tmut       #.........   100%        5    ######.
 Conjure Ball Lightning   Conj/Air       #.........   100%        6    #######
 Darkness                 Hex            #.........   100%        6    #######
 Deflect Missiles         Chrm/Air       #.........   100%        6    #######
 Dragon Form              Tmut           #.........   100%        7    #######
 Discord                  Hex            #.........   100%        8    #######
 Ignition                 Fire           #.........   100%        8    #######
 Dragon's Call            Summ           #.........   100%        9    #######
 Shatter                  Erth           #.........   100%        9    #######
 Tornado                  Air            #.........   100%        9    #######


Dungeon Overview and Level Annotations

Branches:
Dungeon (15/15)            Temple (1/1) D:7            Lair (6/6) D:10
 Shoals (4/4) Lair:4       Spider (0/4) Lair:4        Slime (0/5) Lair:6
    Orc (0/2) D:12         Vaults (0/5) D:14         Depths (0/5) D:15
Ossuary (visited)         Volcano (visited)

Altars:
Cheibriados
Fedhas
Hepliaklqana
Makhleb
Nemelex Xobeh
Qazlal
Ru
Sif Muna
Trog
Uskayaw
Vehumet
Xom
Yredelemnul

Shops:
D:10 !   Shoals:2 =

Annotations:
Lair:6 1 runed translucent door


Innate Abilities, Weirdness & Mutations

You are resistant to damage.
You can heal yourself by infusing magical energy.
You resist negative energy. (rN+)
You passively map the area around you.
You do not regenerate.
You are clumsy. (Dex -2)
You are somewhat resistant to further mutation.


Message History

No target in view!
As you open the door, it creaks loudly!
A sea snake and a wind drake come into view.
The sea snake hisses angrily.
The wind drake hisses angrily.
You hear an angry hiss.
An alligator snapping turtle comes into view.
The wind drake exhales a fierce blast of wind!
You are blown backwards!
Your orange demon and your smoke demon are blown away by the wind.
The alligator snapping turtle moves out of view.
The wind drake exhales a fierce blast of wind!
You are blown backwards!
The wind drake flaps its wings at you. The air twists around and strikes you.
The wind drake flaps its wings at you. The air twists around and strikes you!!
A water elemental comes into view.
You block the wind drake's attack.
Your unstable footing causes you to fumble your attack.
The wind drake bites you but does no damage.
You block the sea snake's attack.
Your unstable footing causes you to fumble your attack.
You block the wind drake's attack.
The sea snake bites you but does no damage.
You block the alligator snapping turtle's attack.
You barely miss the sea snake.
You hit the wind drake but do no damage.
Your orange demon disappears in a puff of smoke!
Your smoke demon closely misses the sea snake.
Your smoke demon barely misses the sea snake.
Your smoke demon closely misses the sea snake.
You block the wind drake's attack. The sea snake closely misses you.
Your unstable footing causes you to fumble your attack.
You block the sea snake's attack. The wind drake flaps its wings at you.
The air twists around and strikes you!
Your smoke demon barely misses the sea snake.
Your smoke demon hits the sea snake.
Your smoke demon hits the sea snake but does no damage.
You block the alligator snapping turtle's attack.
Your unstable footing causes you to fumble your attack.
The wind drake exhales a fierce blast of wind!
You are blown backwards!
Your smoke demon and the sea snake are blown away by the wind.
You enter the shallow water.
Moving in this stuff is going to be slow.
The sea snake closely misses you.
Your smoke demon gestures at the wind drake.
The ball of steam hits the wind drake!
The wind drake is engulfed in a cloud of scalding steam.
The wind drake flaps its wings at you. The air twists around and strikes you!
You block the sea snake's attack.
Your unstable footing causes you to fumble your attack.
The wind drake is engulfed in a cloud of scalding steam.
The wind drake flaps its wings at you. The air twists around and strikes you.
The sea snake bites you but does no damage.
Your unstable footing causes you to fumble your attack.
The alligator snapping turtle bites you from afar!
The wind drake is engulfed in a cloud of scalding steam.
The sea snake is engulfed in a cloud of scalding steam.
The sea snake bites you!
You are poisoned.
The sea snake poisons you!
You are too injured to fight recklessly!
You are too injured to fight recklessly!
A demon appears!
You feel very sick.
Your smoke demon gestures at the wind drake.
The wind drake is smitten.
The water elemental is engulfed in a cloud of scalding steam.
The water elemental hits your blizzard demon!
The water elemental engulfs your blizzard demon in water!
The wind drake flaps its wings at you. The air twists around and strikes you!
* * * LOW HITPOINT WARNING * * *
The sea snake is engulfed in a cloud of scalding steam.
The sea snake barely misses you.
You block the alligator snapping turtle's attack.
A demon appears!
You feel very sick.
Your smoke demon barely misses the sea snake.
Your smoke demon hits the sea snake but does no damage.
Your smoke demon barely misses the sea snake.
The wind drake bites your blizzard demon but does no damage.
The water elemental is engulfed in a cloud of scalding steam.
The water elemental hits your blizzard demon.
The sea snake bites you but does no damage.
Your blizzard demon hits the water elemental! x2
You block the alligator snapping turtle's attack.
Found a ring mail.
You feel much better.
You feel sick.
The wind drake bites your blizzard demon.
The sea snake barely misses you.
Your smoke demon misses the sea snake.
Your smoke demon barely misses the sea snake.
Your smoke demon hits the sea snake but does no damage.
The water elemental hits your blizzard demon!
Your blizzard demon hits the water elemental.
Your blizzard demon completely misses the water elemental.
Are you sure you want to abandon this character and quit the game? (Confirm with "yes".)

,,,,*####≈≈≈≈≈≈≈#≈,t≈≈#≈≈≈≈≈≈≈≈≈≈
,,,**,,,##≈≈≈≈≈≈#,≈[≈≈#≈≈≈≈≈≈≈≈≈≈
,,,*,,,,,#≈≈≈≈≈≈##≈≈≈#*≈≈≈≈≈≈≈≈≈≈
,,,+,,,,,#≈≈≈≈≈≈≈##'##≈≈≈≈≈≈≈≈≈≈≈
,,,*,,,,,#≈≈≈≈≈≈≈≈≈≈≈≈≈≈≈≈≈≈≈≈≈≈≈
,,,**,,,##≈≈≈≈≈≈≈≈≈≈≈≈≈≈≈≈≈≈≈≈≈≈≈
,,,,****#(≈.....kEt≈≈≈≈≈≈≈≈≈≈≈≈≈≈
,,,≈≈≈≈≈≈......22≈≈≈≈≈≈≈≈≈≈≈≈≈≈≈≈
,,≈≈≈≈≈≈≈.......@S≈≈≈≈≈≈≈≈≈≈≈≈≈≈≈
,,≈≈≈≈≈≈≈.......≈≈3≈≈≈≈≈≈≈≈≈≈≈≈≈≈
≈≈≈≈≈≈≈≈≈......≈≈≈≈≈≈≈≈≈≈≈≈≈≈≈≈≈≈
≈≈≈≈≈≈≈≈≈....!≈≈≈≈≈≈≈≈≈≈≈≈≈≈≈≈≈≈≈
≈,≈≈≈≈≈≈≈...≈≈≈≈≈≈≈≈≈≈≈≈≈≈≈≈≈≈≈≈≈
≈≈≈≈≈≈≈≈≈.#####≈≈≈≈≈≈≈≈≈≈≈≈≈≈≈≈≈≈
≈,≈≈≈≈≈≈≈#*≈≈,##≈≈≈≈≈≈≈≈≈≈≈≈≈≈≈≈≈
,,≈≈≈≈≈≈≈*≈≈≈≈≈#≈≈≈≈≈≈≈≈≈≈≈≈≈≈≈≈≈
≈≈≈≈≈≈≈≈≈+≈≈,≈≈*≈≈≈≈≈≈≈≈≈≈≈≈≈≈≈≈≈


You could see an alligator snapping turtle, a sea snake, a wind drake, a water
elemental, 2 friendly blizzard demons and a friendly smoke demon.

Vanquished Creatures
  Kirke (D:15)
  The ghost of Qiwnoh the Martial Artist, a journeyman DsFi of Sif Muna (D:15)
  A red draconian (Volcano)
  Josephine (D:11)
  4 hydras
  Harold (D:8)
  Fannar (D:12)
  2 catoblepae
  A rakshasa (D:15)
  A satyr (Shoals:3)
  A tengu warrior (D:15)
  2 ogre magi
  8 two-headed ogres
  3 death yaks (Lair:6)
  A sea snake (Shoals:2)
  2 unseen horrors
  A deep elf archer (D:14)
  2 wolf spiders (Lair:6)
  3 harpies (Shoals:2)
  2 lindwurms (Lair:6)
  A faun (shapeshifter) (D:15)
  3 deep elf magi (D:14)
  14 ugly things
  10 fauns
  A spectral deep troll (D:15)
  4 manticores
  A guardian serpent (Lair:6)
  9 black mambas
  13 elephants
  3 merfolk sirens
  4 cyclopes
  A gargoyle (D:10)
  An eye of devastation (Lair:6)
  3 centaur skeletons
  2 molten gargoyles (Volcano)
  A spiny frog (shapeshifter) (D:15)
  5 torpor snails (Lair:6)
  16 spiny frogs
  2 kobold demonologists (D:14)
  A rime drake (Lair:5)
  4 yaktaurs (D:14)
  A freezing wraith (D:14)
  5 komodo dragons
  A troll (D:15)
  A tengu conjurer (D:15)
  A harpy zombie (D:15)
  4 polar bears
  4 merfolk
  3 tyrant leeches (Lair:6)
  16 slime creatures
  A polar bear (shapeshifter) (D:14)
  2 wind drakes
  20 blink frogs
  9 hornets
  11 hippogriffs
  2 snapping turtles (Shoals:4)
  2 water elementals (Shoals:3)
  3 wraiths (D:11)
  A redback (Lair:6)
  A shadow (D:14)
  15 wyverns
  3 basilisks
  2 fire bats (Volcano)
  37 yaks
  3 hungry ghosts
  A yak (shapeshifter) (D:15)
  7 vampire mosquitoes
  A yaktaur simulacrum (D:15)
  10 water moccasins
  5 porcupines
  11 orc warriors
  7 sky beasts
  2 black bears
  An eye of draining (Lair:6)
  2 hornet zombies
  5 ice beasts
  2 phantoms
  An ice dragon simulacrum (D:15)
  11 ogres
  8 centaurs
  7 crocodiles
  6 big kobolds
  11 bullfrogs
  2 wyvern zombies
  A wyvern skeleton (D:12)
  2 troll zombies (D:12)
  6 scorpions
  28 killer bees
  18 wights
  An electric eel (Lair:3)
  6 crimson imps
  2 quasits (D:10)
  5 lava snakes (Volcano)
  A bullfrog zombie (D:13)
  3 centaur zombies
  5 jellies
  10 orc priests
  A bullfrog skeleton (D:10)
  6 hounds
  18 orc wizards
  Ijyb (D:5)
  6 iguanas
  6 worker ants
  A killer bee zombie (D:9)
  6 ogre zombies (D:12)
  A big kobold zombie (Ossuary)
  A hound zombie (D:5)
  A hound skeleton (D:8)
  4 mummies (Ossuary)
  Robin (D:3)
  4 worker ant zombies
  11 adders
  10 gnolls
  3 shadow imps
  2 oozes
  3 adder zombies (Ossuary)
  An adder skeleton (D:7)
  6 worms
  4 leopard geckos
  52 orcs
  2 ball pythons
  2 bats
  8 giant cockroaches
  3 gnoll zombies
  10 goblins
  6 hobgoblins
  3 quokkas
  A frilled lizard (D:2)
  A goblin skeleton (D:12)
  4 goblin zombies (D:12)
  3 hobgoblin skeletons (D:12)
  6 hobgoblin zombies
  A jackal skeleton (D:8)
  2 jackal zombies
  19 kobolds
  3 kobold zombies (Ossuary)
  2 orc skeletons (D:12)
  12 orc zombies (D:12)
  A quokka skeleton (D:7)
  2 quokka zombies
  4 rats
  2 plants
720 creatures vanquished.

Vanquished Creatures (collateral kills)
  The ghost of EtherCrawl the Cleaver, an adept CeBe of Trog (Shoals:2)
  Louise (D:15)
  3 merfolk impalers (Shoals:2)
  A hydra (Lair:5)
  A merfolk avatar (Shoals:3)
  2 merfolk aquamancers (Shoals:3)
  A satyr (Shoals:3)
  A spark wasp zombie (D:15)
  3 sea snakes
  A frost giant zombie (D:15)
  A deep elf mage (D:15)
  2 cyclopes (D:15)
  2 manticores
  2 fauns (Shoals:3)
  A merfolk siren (Shoals:2)
  6 merfolk
  2 wind drakes (Shoals:2)
  2 blink frogs (Lair:6)
  A hippogriff (Shoals:3)
  3 snapping turtles
  5 water elementals (Shoals:3)
  4 water moccasins
  A meliai simulacrum (D:15)
  A spriggan simulacrum (D:15)
  A deep troll simulacrum (D:15)
  A fire dragon simulacrum (D:15)
50 creatures vanquished.

Vanquished Creatures (others)
  A glowing orange brain (D:15)
  3 humans (D:15)
  16 fungi
  27 plants
47 creatures vanquished.

Grand Total: 817 creatures vanquished

Notes
Turn   | Place    | Note
-------+----------+-------------------------------------------
     0 | D:1      | EnegeticOcto the Deep Dwarf Fighter began the quest for the
                  | Orb.
     0 | D:1      | Reached XP level 1. HP: 20/20 MP: 1/1
   194 | D:1      | Reached XP level 2. HP: 22/27 MP: 2/2
   321 | D:2      | Found a stormy altar of Qazlal.
   333 | D:2      | Reached XP level 3. HP: 23/34 MP: 3/3
   346 | D:2      | Reached skill level 1 in Dodging
   485 | D:3      | Noticed Robin
   488 | D:3      | Reached XP level 4. HP: 42/42 MP: 4/4
   507 | D:3      | Killed Robin
   576 | D:3      | Reached XP level 5. HP: 43/49 MP: 5/5
   877 | D:4      | Found a hide-covered altar of Uskayaw.
  1412 | D:5      | Entered Level 5 of the Dungeon
  1412 | D:5      | Noticed an orc warrior
  1439 | D:5      | Reached XP level 6. HP: 54/57 MP: 5/5
  1445 | D:5      | Killed an orc warrior
  1478 | D:5      | Noticed Ijyb
  1512 | D:5      | Killed Ijyb
  1596 | D:5      | You fall into a shaft and drop 2 floors!
  1619 | D:7      | Found a staircase to the Ecumenical Temple.
  1695 | Temple   | Entered the Ecumenical Temple
  1719 | Temple   | Became a worshipper of Makhleb the Destroyer
  1767 | D:7      | Reached XP level 7. HP: 29/66 MP: 6/6
  1879 | D:7      | Reached skill level 5 in Axes
  1879 | D:7      | Reached skill level 1 in Invocations
  1921 | D:7      | Noticed a hippogriff
  1935 | D:7      | Killed a hippogriff
  1935 | D:7      | Reached skill level 2 in Invocations
  2065 | D:5      | Reached skill level 5 in Fighting
  2072 | D:5      | Found a sand-covered staircase.
  2079 | Ossuary  | Entered an ossuary
  2136 | Ossuary  | Reached skill level 3 in Invocations
  2181 | Ossuary  | Reached * piety under Makhleb
  2277 | D:5      | Reached XP level 8. HP: 47/74 MP: 8/8
  2646 | D:5      | Reached skill level 5 in Armour
  2646 | D:5      | Reached skill level 5 in Shields
  2985 | D:6      | Reached skill level 4 in Invocations
  3081 | D:6      | Found a basalt altar of Yredelemnul.
  3425 | D:7      | Identified the Handbook of Malediction and the Voyage
  3482 | D:7      | Reached ** piety under Makhleb
  3496 | D:7      | Reached skill level 5 in Invocations
  3543 | D:7      | Noticed a hippogriff
  3557 | D:7      | Killed a hippogriff
  3557 | D:7      | Gained mutation: You passively map the area around you.
                  | [Deep Dwarf growth]
  3557 | D:7      | Reached XP level 9. HP: 63/82 MP: 7/9
  3773 | D:7      | Reached skill level 6 in Invocations
  4260 | D:8      | Found a shimmering altar of Xom.
  4369 | D:8      | Reached skill level 5 in Dodging
  4380 | D:8      | Noticed Harold
  4421 | D:8      | Killed Harold
  4421 | D:8      | Reached skill level 7 in Invocations
  4421 | D:8      | Reached XP level 10. HP: 89/94 MP: 9/9
  4492 | D:8      | Reached *** piety under Makhleb
  4544 | D:8      | Found a shimmering blue altar of Sif Muna.
  4544 | D:8      | Found a sparkling altar of Nemelex Xobeh.
  4830 | D:9      | Found a shadowy altar of Dithmenos.
  4832 | D:9      | Found a shimmering blue altar of Sif Muna.
  4832 | D:9      | Found a blossoming altar of Fedhas.
  4855 | D:9      | Found a basalt altar of Yredelemnul.
  4855 | D:9      | Found a shimmering altar of Xom.
  4855 | D:9      | Found a sacrificial altar of Ru.
  4978 | D:9      | Reached skill level 8 in Invocations
  5326 | D:10     | Entered Level 10 of the Dungeon
  5345 | D:10     | Noticed a gargoyle
  5366 | D:10     | Killed a gargoyle
  5382 | D:10     | Noticed an unseen horror
  5406 | D:10     | Reached skill level 9 in Invocations
  5422 | D:10     | Killed an unseen horror
  5503 | D:10     | Reached **** piety under Makhleb
  5508 | D:10     | Identified a scroll of acquirement
  5508 | D:10     | Identified the ring of Suspected Treachery {MR++ Str+3
                  | Int-3 Dex+7} (You acquired it on level 10 of the Dungeon)
  5564 | D:10     | Reached XP level 11. HP: 68/103 MP: 10/10
  5678 | D:10     | Found Mumex's Distillery.
  5691 | D:10     | Bought a potion of haste for 160 gold pieces
  5691 | D:10     | Bought a potion of cancellation for 128 gold pieces
  5691 | D:10     | Bought a potion of degeneration for 16 gold pieces
  5788 | D:10     | Found a staircase to the Lair.
  5901 | D:10     | Reached ***** piety under Makhleb
  6314 | D:11     | Reached skill level 10 in Invocations
  6615 | D:11     | Noticed a white ugly thing
  6623 | D:11     | Killed a white ugly thing
  6623 | D:11     | Reached skill level 10 in Axes
  6653 | D:11     | Noticed a four-headed hydra
  6671 | D:11     | Killed a nine-headed hydra
  6681 | D:11     | Found a bloodstained altar of Trog.
  6794 | D:11     | Noticed Josephine
  6806 | D:11     | Killed Josephine
  7019 | D:12     | Reached skill level 11 in Invocations
  7096 | D:12     | Noticed a two-headed ogre
  7105 | D:12     | Killed a two-headed ogre
  7130 | D:12     | Reached XP level 12. HP: 91/114 MP: 12/12
  7192 | D:12     | Noticed Fannar
  7243 | D:12     | Killed Fannar
  7265 | D:12     | Found a staircase to the Orcish Mines.
  7309 | D:12     | Noticed a four-headed hydra
  7346 | D:12     | Killed a ten-headed hydra
  7854 | D:13     | Reached skill level 12 in Invocations
  7870 | D:13     | Noticed a two-headed ogre
  7882 | D:13     | Killed a two-headed ogre
  7929 | D:13     | Reached skill level 10 in Fighting
  8371 | D:14     | Reached XP level 13. HP: 76/123 MP: 14/14
  8549 | D:14     | Found a gate to the Vaults.
  8568 | D:14     | Reached skill level 13 in Invocations
  8917 | D:15     | Entered Level 15 of the Dungeon
  8937 | D:15     | Paralysed by a hornet for 3 turns
  8974 | D:15     | Found a runed translucent gate.
  8975 | D:15     | Found a runed translucent gate.
  8977 | D:15     | Found a runed translucent gate.
  9004 | D:15     | Noticed Qiwnoh's ghost (journeyman DsFi)
  9035 | D:15     | HP: 1/124 [Qiwnoh's ghost (29)]
  9048 | D:15     | HP: 6/124 [spark wasp zombie (6)]
  9064 | D:15     | Killed Qiwnoh's ghost
  9183 | D:15     | Noticed Louise
  9199 | D:15     | Killed Louise
  9327 | D:15     | Reached skill level 14 in Invocations
  9448 | D:15     | Noticed Kirke
  9465 | D:15     | Killed Kirke
  9465 | D:15     | Gained mutation: You resist negative energy. (rN+) [Deep
                  | Dwarf growth]
  9465 | D:15     | Reached XP level 14. HP: 101/135 MP: 13/13
  9483 | D:15     | Reached skill level 10 in Shields
  9513 | D:15     | Found a staircase to the Depths.
  9522 | D:15     | Reached ****** piety under Makhleb
  9717 | Lair:1   | Entered Level 1 of the Lair of Beasts
  9731 | Lair:1   | Reached skill level 10 in Armour
  9929 | Lair:2   | You fall into a shaft and drop 1 floor!
 10141 | Lair:3   | You fall into a shaft and drop 3 floors!
 10141 | Lair:6   | Entered Level 6 of the Lair of Beasts
 10237 | Lair:6   | Reached skill level 15 in Invocations
 10325 | Lair:6   | Found a hazy altar of Hepliaklqana.
 10492 | Lair:6   | Found a runed translucent door.
 10520 | Lair:6   | Paralysed by a hornet for 1 turns
 10526 | Lair:6   | Paralysed by a hornet for 3 turns
 10553 | Lair:6   | Paralysed by a hornet for 3 turns
 10575 | Lair:6   | Paralysed by a hornet for 3 turns
 10589 | Lair:6   | Paralysed by a hornet for 2 turns
 10614 | Lair:6   | Reached skill level 10 in Dodging
 11257 | Lair:6   | Reached XP level 15. HP: 77/144 MP: 13/13
 11284 | Lair:6   | Found a staircase to the Slime Pits.
 12228 | Lair:4   | Found a staircase to the Shoals.
 12318 | Lair:4   | Found a dark tunnel.
 12401 | Volcano  | Entered a volcano
 12606 | Volcano  | Found a burning altar of Makhleb.
 12655 | Volcano  | Reached skill level 16 in Invocations
 12885 | Lair:4   | Found a hole to the Spider Nest.
 12928 | Lair:4   | Gained mutation: You are clumsy. (Dex -2) [potion of
                  | mutation]
 12928 | Lair:4   | Gained mutation: You are somewhat resistant to further
                  | mutation. [potion of mutation]
 12999 | Shoals:1 | Entered Level 1 of the Shoals
 13236 | Shoals:2 | Found Zyrhipn's Jewellery Shop.
 13280 | Shoals:2 | Bought the cursed ring "Rudaobo" {rElec Int+6 Slay-2} for
                  | 277 gold pieces
 13280 | Shoals:2 | Bought the ring "Baren" {rF+ rN+ AC+2} for 338 gold pieces
 13289 | Shoals:2 | Found a runed translucent gate.
 13289 | Shoals:2 | Found a runed translucent gate.
 13289 | Shoals:2 | Found a runed translucent gate.
 13289 | Shoals:2 | Noticed EtherCrawl's ghost (adept CeBe)
 13314 | Shoals:2 | Killed EtherCrawl's ghost
 13325 | Shoals:2 | Got a slimy emerald amulet
 13339 | Shoals:2 | Identified the amulet of Brilliance {rC+ Regen+} (You found
                  | it on level 2 of the Shoals)
 13477 | Shoals:3 | Reached skill level 15 in Axes
 13518 | Shoals:4 | Entered Level 4 of the Shoals
 13587 | Shoals:4 | Quit the game

Levels and vault maps discovered:
D:1:      scummos_arrival_hexagon, layout_loops_cross, minmay_pentomino_v4
D:2:      layout_rooms, grunt_qazlal_sundering, chequers_jeans
D:3:      layout_basic, uniq_robin
D:4:      layout_cave_pods, kennysheep_mini_moat
D:5:      layout_loops_ring, first_ration,
          nicolae_ossuary_entry_false_entrances, uniq_ijyb
D:6:      layout_rooms, lemuel_zombie_altar_yredelemnul
D:7:      layout_gridville, minmay_temple_entry_statues_pillars
D:8:      layout_cave_pools, nicolae_overflow_hidden_temple, basic_altar,
          kennysheep_generic_room_5, uniq_harold
D:9:      layout_roguey, hangedman_fish_farm, doesnt_xom_only_xom
D:10:     layout_irregular_city, lair_entry_dummy, serial_shops, shop
D:11:     layout_basic, trog_ov_bears_minmay, uniq_josephine
D:12:     layout_small_grid, zombieorc2_lemuel, minmay_circle_x, uniq_fannar
D:13:     layout_cave_pools
D:14:     layout_cave_pools, hangedman_vaults_entry_quadrant_bands
D:15:     gammafunk_enter_depths_forms, layout_small_grid,
          gammafunk_ghost_necromancy, hangedman_decor_opposing, uniq_louise,
          uniq_kirke
Temple:   eino_temple_scatter_basement
Lair:1:   layout_big_grid, grunt_megastairs_5
Lair:2:   layout_small_grid, beast_lair_carwin_11, minmay_lair_oklob_chamber,
          serial_bayou_shore_b, lemuel_fruit_fields, serial_bayou_shore_a
Lair:3:   layout_hall_layers, chequers_serial_rivers_small_b, minmay_hedge_maze,
          nicolae_quartered_pool_super
Lair:4:   layout_gridlike, minmay_shoals_entry_centaurs,
          nicolae_spider_entry_non_spiders, nicolae_volcano_entry_hallway,
          minivault_26
Lair:5:   layout_regular_city, grunt_megastairs_1
Lair:6:   wormcave, layout_small_grid, hangedman_lair_tendril_chambers,
          minmay_slime_entry_eyes, basic_altar
Shoals:1: layout_shoals, kb_tengu_band
Shoals:2: layout_shoals, gammafunk_ghost_split, minmay_shop_enchanted_jewellery,
          argonaut_gorgonesque, uniq_polyphemus
Shoals:3: layout_shoals, uniq_ilsuiw
Shoals:4: shoals_end_simple, layout_shoals

Skill      XL: |  1  2  3  4  5  6  7  8  9 10 11 12 13 14 15 |
---------------+----------------------------------------------+-----
Fighting       | 3 4 5 6 7 8 9 10 11 12 13 | 13.0
Dodging        | 1 2 3 4 5 6 7 8 9 10 | 10.0
Axes           | 3 4 5 6 8 9 10 11 12 13 15 | 15.0
Armour         | 4 5 6 7 8 9 10 11 | 11.4
Shields        | 4 5 6 7 8 9 11 12 | 12.8
Invocations    | 3 5 7 9 11 12 14 15 16 | 16.7

Action                   |  1- 3 |  4- 6 |  7- 9 | 10-12 | 13-15 || total
-------------------------+-------+-------+-------+-------+-------++-------
Melee: War axe           |   110 |   156 |   469 |   248 |       ||   983
       Broad axe         |       |       |       |   580 |  1321 ||  1901
Invok: Lesser Servant of |       |       |       |     1 |    24 ||    25
       Greater Servant o |       |       |       |       |     6 ||     6
 Abil: Heal Wounds       |     3 |     8 |    15 |    17 |    42 ||    85
Evoke: Wand              |       |       |       |    10 |     4 ||    14
  Use: Scroll            |       |       |    11 |     9 |    14 ||    34
       Potion            |       |       |       |       |     2 ||     2
 Stab: Distracted        |       |       |       |       |     8 ||     8
       Petrified         |       |       |       |       |     2 ||     2
  Eat: Chunk             |       |     3 |    10 |    19 |    20 ||    52
       Ration            |       |       |       |     2 |       ||     2
Armor: Scale mail        |    15 |       |       |       |       ||    15
       Plate armour      |    64 |   121 |   388 |   593 |   872 ||  2038
Dodge: Dodged            |    15 |    34 |   199 |   390 |   631 ||  1269
Block: Kite shield       |    62 |   108 |   342 |   693 |  1122 ||  2327
       Tower shield      |       |       |       |       |   169 ||   169

Table legend:
 A = Non-vault XP
 B = Vault XP
 C = Vault XP percentage of total XP
 D = Non-vault monster count
 E = Vault monster count
 F = Vault count percentage of total count
                 A         B        C        D         E       F
            +---------+---------+-------+---------+---------+-------
      Total |   99558 |   51121 |  33.9 |     560 |     207 |  27.0
            +---------+---------+-------+---------+---------+-------
        D:1 |      24 |       0 |   0.0 |      11 |       0 |   0.0
        D:2 |      20 |       0 |   0.0 |       6 |       0 |   0.0
        D:3 |     140 |      35 |  20.0 |      20 |      11 |  35.5
        D:4 |     151 |       0 |   0.0 |       8 |       0 |   0.0
        D:5 |     732 |      36 |   4.7 |      21 |       1 |   4.5
        D:6 |     592 |       3 |   0.5 |      19 |       2 |   9.5
        D:7 |    2072 |       0 |   0.0 |      33 |       0 |   0.0
        D:8 |     978 |    1006 |  50.7 |      25 |       3 |  10.7
        D:9 |    1374 |     289 |  17.4 |      26 |       1 |   3.7
       D:10 |    5462 |       0 |   0.0 |      62 |       0 |   0.0
       D:11 |    4494 |    2307 |  33.9 |      38 |       6 |  13.6
       D:12 |    4609 |    4116 |  47.2 |      27 |      43 |  61.4
       D:13 |    7074 |       0 |   0.0 |      34 |       0 |   0.0
       D:14 |    7714 |    5162 |  40.1 |      36 |      17 |  32.1
       D:15 |   10931 |    9744 |  47.1 |      30 |      19 |  38.8
     Lair:1 |    1470 |     136 |   8.5 |       7 |       1 |  12.5
     Lair:2 |     495 |       0 |   0.0 |       2 |       0 |   0.0
     Lair:3 |    5605 |       0 |   0.0 |      18 |       0 |   0.0
     Lair:4 |    5086 |     306 |   5.7 |      14 |      10 |  41.7
     Lair:5 |    6685 |     116 |   1.7 |      23 |       1 |   4.2
     Lair:6 |   13212 |   17014 |  56.3 |      42 |      54 |  56.2
   Shoals:1 |    1025 |       0 |   0.0 |       3 |       0 |   0.0
   Shoals:2 |    8344 |    3442 |  29.2 |      19 |       7 |  26.9
   Shoals:3 |   10823 |       0 |   0.0 |      34 |       0 |   0.0
   Shoals:4 |     446 |       0 |   0.0 |       2 |       0 |   0.0
    Ossuary |       0 |     124 | 100.0 |       0 |      16 | 100.0
    Volcano |       0 |    7285 | 100.0 |       0 |      15 | 100.0
            +---------+---------+-------+---------+---------+-------
